 Dungeon Crawl Stone Soup version 0.29.0-4-gdea44cf6ec (webtiles) character file.

Game seed: 2607870658278122417

2659 qw the Cleaver (level 9, -13/68 HPs)
             Began as a Demonspawn Cinder Acolyte on Sept 8, 2022.
             Was an Initiate of Ignis.
             Mangled by a two-headed ogre
             ... wielding a +0 giant club
              (24 damage)
             ... on level 7 of the Dungeon.
             The game lasted 00:03:03 (8696 turns).

qw the Cleaver (Demonspawn Cinder Acolyte)          Turns: 8696, Time: 00:03:04

Health: -13/68     AC: 11    Str: 19    XL:     9   Next: 36%
Magic:  0/10       EV: 10    Int: 16    God:    Ignis [......]
Gold:   53         SH:  9    Dex: 14    Spells: 10/10 levels left

rFire   + . .      SeeInvis .   Y - +0 war axe (freeze)
rCold   . . .      Faith    .   s - +0 kite shield
rNeg    . . .      Spirit   +   n - +0 chain mail
rPois   .          Reflect  .   b - +2 hat
rElec   .          Harm     .   (no cloak)
rCorr   .          Rampage  .   (no gloves)
Will    .....                   (no boots)
Stlth   +.........              h - amulet of guardian spirit
HPRegen 0.21/turn               d - +4 ring of evasion
MPRegen 0.12/turn               (no ring)

@: no status effects
A: antennae 2, thin skeletal structure 3
a: Renounce Religion, Rising Flame


You were on level 7 of the Dungeon.
You worshipped Ignis.
Ignis was noncommittal.
You visited 1 branch of the dungeon, and saw 7 of its levels.

You collected 261 gold pieces.
You spent 208 gold pieces at shops.


Innate Abilities, Weirdness & Mutations

You have a pair of antennae on your head.
You have an unnaturally thin skeletal structure. (Dex +6, Stealth+++)


   Skills:
 - Level 5.0 Fighting
 - Level 9.0 Axes
 - Level 3.1 Throwing
 - Level 3.0 Armour
 - Level 2.0 Dodging
 + Level 4.6 Shields
 - Level 1.0 Spellcasting
 - Level 2.6 Fire Magic


You had 10 spell levels left.
You didn't know any spells.
Your spell library contained the following spells:

 Spells                   Type           Power      Damage    Failure   Level
 Scorch                   Fire           18%        2d6       98%         2

Inventory:

Hand Weapons
 f - a +0 hand axe of flaming
 Y - a +0 war axe of freezing (weapon)
Missiles
 c - 9 boomerangs
 l - 4 javelins (quivered)
Armour
 b - a +2 hat (worn)
 n - a +0 chain mail (worn)
 s - a +0 kite shield (worn)
Jewellery
 d - a +4 ring of evasion (left hand)
 h - an amulet of guardian spirit (around neck)
Scrolls
 g - 3 scrolls of identify
 m - 2 scrolls of enchant armour
Potions
 a - a potion of resistance
 i - 2 potions of curing
 j - a potion of cancellation
 k - a potion of haste
 r - a potion of mutation

Dungeon Overview and Level Annotations

Branches:
Dungeon (7/15)             Temple (0/1) D:5

Altars:
Fedhas
Hepliaklqana
Kikubaaqudgha
Okawaru
Qazlal
Sif Muna
Uskayaw
Vehumet
Wu Jian
Xom

Shops:
D:1 !   D:6 [!(*


Message History

The silver javelin pierces through the two-headed ogre.
The two-headed ogre is moderately wounded.
Throw: 2 javelins (silver)
Press: ? - help, Q - select action, (/) - cycle Shift-Dir - straight line, f/p - two-headed ogre You throw a silver javelin.
The silver javelin pierces through the two-headed ogre.
The two-headed ogre is moderately wounded.
Throw: javelin (silver)
Press: ? - help, Q - select action, (/) - cycle Shift-Dir - straight line, f/p - two-headed ogre You throw a silver javelin.
The silver javelin completely misses the two-headed ogre.
You hit the two-headed ogre. You freeze the two-headed ogre.
The two-headed ogre is moderately wounded.
The two-headed ogre hits you with a +0 giant club! x2
You hit the two-headed ogre but do no damage.
The two-headed ogre is moderately wounded.
The two-headed ogre hits you with a +0 giant club! x2
You hit the two-headed ogre but do no damage.
The two-headed ogre is moderately wounded.
You block the two-headed ogre's attack. The two-headed ogre closely misses you.
You slash the two-headed ogre! You freeze the two-headed ogre.
The two-headed ogre is moderately wounded.
You block the two-headed ogre's attack. The two-headed ogre closely misses you.
You hit the two-headed ogre but do no damage.
The two-headed ogre is moderately wounded.
The two-headed ogre closely misses you.
The two-headed ogre hits you with a +0 giant club!
You closely miss the two-headed ogre.
The two-headed ogre is moderately wounded.
You hit the two-headed ogre but do no damage.
The two-headed ogre is moderately wounded.
The two-headed ogre hits you with a +0 giant club!
You block the two-headed ogre's attack.
You hit the two-headed ogre. You freeze the two-headed ogre.
The two-headed ogre is heavily wounded.
You block the two-headed ogre's attack. The two-headed ogre barely misses you.
You hit the two-headed ogre. You freeze the two-headed ogre.
The two-headed ogre is severely wounded.
The two-headed ogre hits you with a +0 giant club!!
You die...

#.#.#.
#.#..
..#.#
#.#.
...#
#..#
#####..#
#<...@.#
######O#
...
..((.
#####.#
(


You could see a two-headed ogre.

Vanquished Creatures
  Grinder (D:5)
  A steam dragon (D:4)
  A water moccasin (D:6)
  A hornet zombie (D:5)
  An ice beast (D:6)
  2 black bears (D:6)
  A phantom (D:5)
  2 bullfrogs
  A necrophage (D:4)
  5 scorpions
  A gnoll sergeant (D:6)
  5 wights (D:6)
  2 howler monkeys (D:6)
  An electric eel (D:6)
  3 bullfrog zombies (D:5)
  3 jellies
  2 hounds
  An orc priest (D:6)
  A gnoll bouda (D:6)
  2 bullfrog skeletons (D:5)
  3 iguanas
  A scorpion zombie (D:5)
  Terence (D:3)
  Natasha (thrice) (D:3)
  2 orc wizards
  A killer bee zombie (D:5)
  An adder (D:6)
  8 gnolls (D:6)
  A howler monkey skeleton (D:5)
  2 shadow imps
  A white imp (D:6)
  An ufetubus (D:5)
  2 adder zombies (D:5)
  A worm (D:2)
  4 dart slugs
  14 orcs
  3 bats
  9 endoplasms
  3 giant cockroaches
  6 goblins
  5 hobgoblins
  4 jackals (D:1)
  6 kobolds
  3 quokkas
  8 ball pythons
  4 frilled lizards
  3 rats
137 creatures vanquished.

Vanquished Creatures (others)
  8 plants (D:4)
  2 withered plants (D:5)
10 creatures vanquished.

Grand Total: 147 creatures vanquished

Notes
Turn   | Place    | Note
-------+----------+-------------------------------------------
     0 | D:1      | qw the Demonspawn Cinder Acolyte began the quest for the
                  | Orb.
     0 | D:1      | Reached XP level 1. HP: 18/18 MP: 2/2
     0 | D:1      | 0 ||| qw: Version: 0.1-a-111-g1c1fd2e
     0 | D:1      | 0 ||| qw: Game counter: 6590
     0 | D:1      | 0 ||| qw: Always use a shield: true
     0 | D:1      | 0 ||| qw: God list: Okawaru
     0 | D:1      | 0 ||| qw: Allow faded altars: false
     0 | D:1      | 0 ||| qw: Do Orc after D:15 true
     0 | D:1      | 0 ||| qw: Do second Lair branch before Depths: true
     0 | D:1      | 0 ||| qw: Lair rune preference: random
     0 | D:1      | 0 ||| qw: Plans: Normal
     0 | D:1      | 0 ||| PLANNING D:1-11
    32 | D:1      | 32 ||| INVOKING Fiery Armour.
   201 | D:1      | Found Porufrit's Distillery.
   212 | D:1      | 212 ||| Stepping ~*~*~tactically~*~*~ (stealth).
   220 | D:1      | Reached skill level 3 in Axes
   231 | D:1      | 231 ||| Stepping ~*~*~tactically~*~*~ (stealth).
   290 | D:1      | Gained mutation: You have a pair of small antennae on your
                  | head. [demonic ancestry]
   290 | D:1      | Reached XP level 2. HP: 20/24 MP: 3/3
   309 | D:1      | 309 ||| Stepping ~*~*~tactically~*~*~ (stealth).
   337 | D:1      | 337 ||| INVOKING Fiery Armour.
   655 | D:1      | 655 ||| SHOPLISTING 2 potions of heal wounds (140 gold,
                  | have 12).
   655 | D:1      | 655 ||| SHOPLISTING potion of heal wounds (70 gold, have
                  | 12).
   655 | D:1      | 655 ||| SHOPLISTING potion of might (56 gold, have 12).
   662 | D:1      | 662 ||| Stepping ~*~*~tactically~*~*~ (hiding).
   750 | D:1      | 750 ||| Stepping ~*~*~tactically~*~*~ (stealth).
  1038 | D:1      | 1038 ||| INVOKING Fiery Armour.
  1041 | D:1      | Gained mutation: You have a somewhat thin skeletal
                  | structure. (Dex +2, Stealth+) [demonic ancestry]
  1041 | D:1      | Reached XP level 3. HP: 9/29 MP: 4/4
  1041 | D:1      | HP: 7/29 [jackal (2)]
  1312 | D:1      | 1312 ||| READING scroll labelled GEAVAIC LUFO.
  1313 | D:1      | 1313 ||| READING scroll labelled WYBBUZ VUDUE.
  1314 | D:1      | 1314 ||| READING scroll labelled ZOUFACONWA.
  1315 | D:1      | 1315 ||| READING 2 scrolls labelled VUPYIW LEPH.
  1316 | D:1      | 1316 ||| READING 2 scrolls labelled AMACSIU BI WEUFA.
  1317 | D:1      | 1317 ||| DRINKING 2 ruby potions.
  1666 | D:2      | Reached skill level 1 in Dodging
  1828 | D:2      | Reached skill level 4 in Axes
  2173 | D:2      | 2173 ||| UPGRADING to +0 ring mail.
  2183 | D:2      | 2183 ||| DROPPING +0 robe.
  2184 | D:2      | 2184 ||| READING scroll labelled DUAHAG OBAE.
  2185 | D:2      | 2185 ||| READING scroll labelled JOEHOB COSCHA.
  2186 | D:2      | 2186 ||| READING scroll labelled YWOGO VEINUTWO.
  2187 | D:2      | 2187 ||| DRINKING 2 glowing yellow potions.
  2240 | D:3      | Noticed Natasha
  2245 | D:3      | Killed Natasha
  2246 | D:3      | Reached XP level 4. HP: 35/35 MP: 5/5
  2419 | D:3      | Noticed Natasha
  2424 | D:3      | Killed Natasha
  2427 | D:3      | 2427 ||| FLEEEEING.
  2428 | D:3      | 2428 ||| FLEEEEING.
  2429 | D:3      | 2429 ||| FLEEEEING.
  2430 | D:3      | 2430 ||| FLEEEEING.
  2431 | D:3      | 2431 ||| FLEEEEING.
  2432 | D:3      | 2432 ||| FLEEEEING.
  2433 | D:3      | 2433 ||| FLEEEEING.
  2434 | D:3      | 2434 ||| FLEEEEING.
  2435 | D:3      | 2435 ||| FLEEEEING.
  2436 | D:3      | 2436 ||| FLEEEEING.
  2437 | D:3      | 2437 ||| FLEEEEING.
  2438 | D:3      | 2438 ||| FLEEEEING.
  2439 | D:3      | 2439 ||| FLEEEEING.
  2440 | D:3      | 2440 ||| FLEEEEING.
  2441 | D:3      | 2441 ||| FLEEEEING.
  2442 | D:3      | 2442 ||| FLEEEEING.
  2443 | D:3      | 2443 ||| FLEEEEING.
  2444 | D:3      | 2444 ||| FLEEEEING.
  2445 | D:3      | 2445 ||| FLEEEEING.
  2446 | D:3      | 2446 ||| FLEEEEING.
  2447 | D:3      | 2447 ||| FLEEEEING.
  2448 | D:3      | 2448 ||| FLEEEEING.
  2450 | D:3      | 2450 ||| FLEEEEING.
  2451 | D:3      | 2451 ||| FLEEEEING.
  2452 | D:3      | 2452 ||| FLEEEEING.
  2453 | D:3      | 2453 ||| FLEEEEING.
  2553 | D:3      | Noticed Natasha
  2554 | D:3      | 2554 ||| Stepping ~*~*~tactically~*~*~ (stealth).
  2558 | D:3      | Found the +7 staff of the Meek {protect, meekguard}
  2567 | D:3      | 2567 ||| INVOKING Fiery Armour.
  2569 | D:3      | Killed Natasha
  2842 | D:3      | 2842 ||| Stepping ~*~*~tactically~*~*~ (stealth).
  2844 | D:3      | 2844 ||| Stepping ~*~*~tactically~*~*~ (stealth).
  2846 | D:3      | 2846 ||| Stepping ~*~*~tactically~*~*~ (stealth).
  2849 | D:3      | Reached skill level 5 in Axes
  2964 | D:3      | Found a faded altar of an unknown god.
  3050 | D:3      | Found a radiant altar of Vehumet.
  3055 | D:3      | Found an ancient bone altar of Kikubaaqudgha.
  3056 | D:3      | Found a shimmering blue altar of Sif Muna.
  3095 | D:3      | Noticed Terence
  3105 | D:3      | 3105 ||| INVOKING Fiery Armour.
  3107 | D:3      | Killed Terence
  3108 | D:3      | Reached skill level 1 in Throwing
  3108 | D:3      | Reached XP level 5. HP: 11/41 MP: 6/6
  3431 | D:3      | Found a stormy altar of Qazlal.
  3644 | D:3      | 3644 ||| UPGRADING to +0 scale mail.
  3654 | D:3      | 3654 ||| DROPPING +0 ring mail.
  3655 | D:3      | 3655 ||| READING scroll labelled QYNNUR WAQO.
  3655 | D:3      | Identified a scroll of acquirement
  3655 | D:3      | 3655 ||| ACQUIRING +1 hat
  3655 | D:3      | Acquired a +1 hat
  3657 | D:3      | 3657 ||| UPGRADING to +1 hat.
  3662 | D:3      | 3662 ||| READING scroll of enchant armour.
  3662 | D:3      | 3662 ||| ENCHANTING +1 hat.
  3663 | D:3      | 3663 ||| READING 2 scrolls labelled TALA ZIGRA.
  3664 | D:3      | 3664 ||| DRINKING 2 red potions.
  3665 | D:3      | 3665 ||| DROPPING scroll of immolation.
  3689 | D:4      | 3689 ||| INVOKING Fiery Armour.
  3693 | D:4      | HP: 9/41 [iguana (7)]
  3694 | D:4      | Reached skill level 1 in Armour
  3694 | D:4      | 3694 ||| FLEEEEING.
  3695 | D:4      | 3695 ||| DRINKING 2 potions of heal wounds.
  3702 | D:4      | 3702 ||| STAIRDANCE
  3854 | D:4      | Reached XP level 6. HP: 40/47 MP: 7/7
  3944 | D:4      | Reached skill level 6 in Axes
  3975 | D:4      | Found an iron altar of Okawaru.
  4210 | D:4      | 4210 ||| Stepping ~*~*~tactically~*~*~ (stealth).
  4428 | D:4      | 4428 ||| Stepping ~*~*~tactically~*~*~ (hiding).
  4443 | D:4      | 4443 ||| FLEEEEING.
  4444 | D:4      | 4444 ||| FLEEEEING.
  4445 | D:4      | 4445 ||| FLEEEEING.
  4446 | D:4      | 4446 ||| FLEEEEING.
  4447 | D:4      | 4447 ||| FLEEEEING.
  4448 | D:4      | 4448 ||| FLEEEEING.
  4449 | D:4      | 4449 ||| FLEEEEING.
  4450 | D:4      | 4450 ||| FLEEEEING.
  4451 | D:4      | 4451 ||| FLEEEEING.
  4452 | D:4      | 4452 ||| FLEEEEING.
  4453 | D:4      | 4453 ||| FLEEEEING.
  4457 | D:4      | 4457 ||| FLEEEEING.
  4458 | D:4      | 4458 ||| FLEEEEING.
  4459 | D:4      | 4459 ||| FLEEEEING.
  4460 | D:4      | 4460 ||| FLEEEEING.
  4461 | D:4      | 4461 ||| FLEEEEING.
  4465 | D:4      | 4465 ||| FLEEEEING.
  4466 | D:4      | 4466 ||| FLEEEEING.
  4467 | D:4      | 4467 ||| FLEEEEING.
  4473 | D:4      | 4473 ||| STAIRDANCE
  4564 | D:3      | 4564 ||| UPGRADING to +0 ring mail of cold resistance.
  4574 | D:3      | 4574 ||| DROPPING +0 scale mail.
  4575 | D:3      | 4575 ||| UPGRADING to +0 chain mail.
  4585 | D:3      | 4585 ||| DROPPING +0 ring mail of cold resistance.
  4586 | D:3      | 4586 ||| UPGRADING to amulet of guardian spirit.
  4591 | D:3      | 4591 ||| READING scroll labelled VOFIMO SETO.
  4596 | D:3      | 4596 ||| DRINKING 2 fuming grey potions.
  4597 | D:3      | 4597 ||| READING 4 scrolls of identify.
  4597 | D:3      | 4597 ||| IDENTIFYING fuming golden potion
  4598 | D:3      | 4598 ||| DROPPING potion of flight.
  4633 | D:4      | 4633 ||| Stepping ~*~*~tactically~*~*~ (stealth).
  4634 | D:4      | 4634 ||| Stepping ~*~*~tactically~*~*~ (stealth).
  4711 | D:4      | Noticed a steam dragon
  4726 | D:4      | Killed a steam dragon
  4727 | D:4      | Reached skill level 3 in Armour
  4727 | D:4      | Gained mutation: You have a moderately thin skeletal
                  | structure. (Dex +4, Stealth++) [demonic ancestry]
  4727 | D:4      | Reached XP level 7. HP: 28/52 MP: 3/8
  4944 | D:4      | Found a blossoming altar of Fedhas.
  4986 | D:5      | Entered Level 5 of the Dungeon
  4993 | D:5      | 4993 ||| INVOKING Fiery Armour.
  5112 | D:5      | Noticed Grinder
  5113 | D:5      | 5113 ||| Stepping ~*~*~tactically~*~*~ (hiding).
  5118 | D:5      | 5118 ||| Stepping ~*~*~tactically~*~*~ (hiding).
  5125 | D:5      | 5125 ||| Stepping ~*~*~tactically~*~*~ (hiding).
  5128 | D:5      | 5128 ||| Stepping ~*~*~tactically~*~*~ (stealth).
  5136 | D:5      | Paralysed by Grinder for 2 turns
  5148 | D:5      | 5148 ||| INVOKING Fiery Armour.
  5156 | D:5      | Killed Grinder
  5157 | D:5      | Reached skill level 7 in Axes
  5220 | D:5      | 5220 ||| FLEEEEING.
  5387 | D:5      | 5387 ||| READING scroll of acquirement.
  5387 | D:5      | 5387 ||| ACQUIRING +0 buckler of Xiodual {Will+ Str-5
                  | Dex+3}
  5387 | D:5      | Acquired the +0 buckler of Xiodual {Will+ Str-5 Dex+3}
  5389 | D:5      | 5389 ||| UPGRADING to +0 buckler of Xiodual {Will+ Str-5
                  | Dex+3}.
  5405 | D:5      | Found an ornate altar of the Wu Jian Council.
  5483 | D:5      | 5483 ||| INVOKING Fiery Armour.
  5487 | D:5      | Gained mutation: You have a pair of antennae on your head.
                  | [demonic ancestry]
  5487 | D:5      | Reached XP level 8. HP: 30/60 MP: 6/9
  5841 | D:5      | 5841 ||| Stepping ~*~*~tactically~*~*~ (hiding).
  5842 | D:5      | 5842 ||| Stepping ~*~*~tactically~*~*~ (hiding).
  5873 | D:5      | 5873 ||| INVOKING Fiery Armour.
  6146 | D:5      | 6146 ||| Stepping ~*~*~tactically~*~*~ (hiding).
  6364 | D:5      | Reached skill level 8 in Axes
  6473 | D:5      | Found a staircase to the Ecumenical Temple.
  6524 | D:5      | 6524 ||| READING scroll labelled WEDIAM HAMAHIR.
  6525 | D:5      | 6525 ||| READING scroll labelled COQOINUTAD.
  6526 | D:5      | 6526 ||| READING 6 scrolls of identify.
  6526 | D:5      | 6526 ||| IDENTIFYING coppery potion
  6569 | D:6      | Found Ysomaoc's Antique Armour Boutique.
  6574 | D:6      | 6574 ||| SHOPLISTING embroidered scarf (248 gold, have
                  | 195).
  6587 | D:6      | 6587 ||| Stepping ~*~*~tactically~*~*~ (hiding).
  6588 | D:6      | 6588 ||| Stepping ~*~*~tactically~*~*~ (hiding).
  6599 | D:6      | 6599 ||| Stepping ~*~*~tactically~*~*~ (stealth).
  6601 | D:6      | 6601 ||| Stepping ~*~*~tactically~*~*~ (stealth).
  6725 | D:6      | 6725 ||| Stepping ~*~*~tactically~*~*~ (hiding).
  6736 | D:6      | 6736 ||| INVOKING Fiery Armour.
  6739 | D:6      | 6739 ||| Stepping ~*~*~tactically~*~*~ (hiding).
  6912 | D:6      | Found Eliuwn's Assorted Antiques.
  6920 | D:6      | 6920 ||| BUYING black potion (22 gold).
  6920 | D:6      | Bought a black potion for 22 gold pieces
  6920 | D:6      | 6920 ||| BUYING glass ring (125 gold).
  6920 | D:6      | Bought a glass ring for 125 gold pieces
  6920 | D:6      | 6920 ||| BUYING murky green potion (22 gold).
  6920 | D:6      | Bought a murky green potion for 22 gold pieces
  6920 | D:6      | 6920 ||| SHOPLISTING potion of cancellation (200 gold, have
                  | 42).
  6920 | D:6      | 6920 ||| SHOPLISTING scroll of identify (50 gold, have 42).
  6944 | D:6      | 6944 ||| INVOKING Fiery Armour.
  6945 | D:6      | 6945 ||| Stepping ~*~*~tactically~*~*~ (stealth).
  6948 | D:6      | 6948 ||| Stepping ~*~*~tactically~*~*~ (stealth).
  6949 | D:6      | 6949 ||| Stepping ~*~*~tactically~*~*~ (stealth).
  6957 | D:6      | Reached skill level 9 in Axes
  6982 | D:6      | Gained mutation: You have an unnaturally thin skeletal
                  | structure. (Dex +6, Stealth+++) [demonic ancestry]
  6982 | D:6      | Reached XP level 9. HP: 18/68 MP: 4/10
  6986 | D:6      | HP: 16/68 [gnoll/+0 spear of freezing[a gnoll sergeant]
                  | (3)]
  6987 | D:6      | 6987 ||| DRINKING potion of heal wounds.
  7201 | D:6      | 7201 ||| SWAPPING to +0 war axe of freezing.
  7249 | D:6      | 7249 ||| Stepping ~*~*~tactically~*~*~ (hiding).
  7351 | D:6      | 7351 ||| Stepping ~*~*~tactically~*~*~ (hiding).
  7411 | D:6      | Found a hazy altar of Hepliaklqana.
  7416 | D:6      | 7416 ||| Stepping ~*~*~tactically~*~*~ (stealth).
  7426 | D:6      | Reached skill level 3 in Throwing
  7460 | D:6      | 7460 ||| FLEEEEING.
  7461 | D:6      | 7461 ||| FLEEEEING.
  7462 | D:6      | 7462 ||| FLEEEEING.
  7465 | D:6      | Found Dair's Distillery.
  7467 | D:6      | 7467 ||| FLEEEEING.
  7470 | D:6      | 7470 ||| FLEEEEING.
  7471 | D:6      | 7471 ||| FLEEEEING.
  7471 | D:6      | Found Huifib's Antique Weapon Shoppe.
  7472 | D:6      | 7472 ||| FLEEEEING.
  7473 | D:6      | 7473 ||| FLEEEEING.
  7474 | D:6      | 7474 ||| FLEEEEING.
  7475 | D:6      | 7475 ||| FLEEEEING.
  7476 | D:6      | 7476 ||| FLEEEEING.
  7477 | D:6      | 7477 ||| FLEEEEING.
  7478 | D:6      | 7478 ||| FLEEEEING.
  7479 | D:6      | 7479 ||| FLEEEEING.
  7480 | D:6      | 7480 ||| FLEEEEING.
  7481 | D:6      | 7481 ||| FLEEEEING.
  7486 | D:6      | 7486 ||| FLEEEEING.
  7487 | D:6      | 7487 ||| FLEEEEING.
  7488 | D:6      | 7488 ||| FLEEEEING.
  7489 | D:6      | 7489 ||| FLEEEEING.
  7491 | D:6      | 7491 ||| FLEEEEING.
  7493 | D:6      | 7493 ||| FLEEEEING.
  7494 | D:6      | 7494 ||| FLEEEEING.
  7496 | D:6      | 7496 ||| FLEEEEING.
  7497 | D:6      | 7497 ||| FLEEEEING.
  7498 | D:6      | 7498 ||| FLEEEEING.
  7499 | D:6      | 7499 ||| FLEEEEING.
  7500 | D:6      | 7500 ||| FLEEEEING.
  7501 | D:6      | 7501 ||| FLEEEEING.
  7502 | D:6      | 7502 ||| FLEEEEING.
  7503 | D:6      | 7503 ||| FLEEEEING.
  7504 | D:6      | 7504 ||| FLEEEEING.
  7505 | D:6      | 7505 ||| FLEEEEING.
  7506 | D:6      | 7506 ||| FLEEEEING.
  7514 | D:6      | 7514 ||| FLEEEEING.
  7515 | D:6      | 7515 ||| FLEEEEING.
  7520 | D:6      | 7520 ||| FLEEEEING.
  7521 | D:6      | 7521 ||| FLEEEEING.
  7521 | D:6      | Found a shimmering altar of Xom.
  7522 | D:6      | 7522 ||| FLEEEEING.
  7523 | D:6      | 7523 ||| FLEEEEING.
  7526 | D:6      | 7526 ||| FLEEEEING.
  7527 | D:6      | 7527 ||| FLEEEEING.
  7528 | D:6      | 7528 ||| FLEEEEING.
  7529 | D:6      | 7529 ||| FLEEEEING.
  7530 | D:6      | 7530 ||| FLEEEEING.
  7531 | D:6      | 7531 ||| FLEEEEING.
  7532 | D:6      | 7532 ||| FLEEEEING.
  7533 | D:6      | 7533 ||| FLEEEEING.
  7534 | D:6      | 7534 ||| FLEEEEING.
  7535 | D:6      | 7535 ||| FLEEEEING.
  7536 | D:6      | 7536 ||| FLEEEEING.
  7537 | D:6      | 7537 ||| FLEEEEING.
  7541 | D:6      | 7541 ||| FLEEEEING.
  7545 | D:6      | 7545 ||| STAIRDANCE
  7669 | D:5      | 7669 ||| UPGRADING to +0 kite shield.
  7679 | D:5      | 7679 ||| DROPPING +0 buckler of Xiodual {Will+ Str-5
                  | Dex+3}.
  7680 | D:5      | 7680 ||| DROPPING +6 ring of intelligence.
  7681 | D:5      | 7681 ||| READING scroll labelled HYDEANGOCKO.
  7682 | D:5      | 7682 ||| READING 5 scrolls of identify.
  7682 | D:5      | 7682 ||| IDENTIFYING black potion
  7683 | D:5      | 7683 ||| READING 4 scrolls of identify.
  7683 | D:5      | 7683 ||| IDENTIFYING murky green potion
  7684 | D:5      | 7684 ||| DROPPING potion of invisibility.
  7693 | D:6      | Reached skill level 3 in Shields
  7731 | D:6      | 7731 ||| SHOPLISTING 2 potions of haste (260 gold, have
                  | 51).
  7731 | D:6      | 7731 ||| BUYING potion of curing (39 gold).
  7731 | D:6      | Bought a potion of curing for 39 gold pieces
  7731 | D:6      | 7731 ||| SHOPLISTING potion of heal wounds (65 gold, have
                  | 12).
  7793 | D:6      | Found a hide-covered altar of Uskayaw.
  8670 | D:6      | 8670 ||| UPGRADING to +4 ring of evasion.
  8682 | D:7      | Noticed a two-headed ogre
  8694 | D:7      | HP: 10/68 [two-headed ogre/+0 giant club (12)]
  8696 | D:7      | Mangled by a two-headed ogre

Levels and vault maps discovered:
D:1:      lemuel_arrival_lava_pool, layout_rooms, serial_shops,
          nicolae_shop_competitors_out_of_business
D:2:      layout_loops_ring
D:3:      layout_basic, grunt_temple_overflow_magic_moments,
          nicolae_qazlal_scattered_showers,
          hellmonk_ecumenical_altar_slurped_away, uniq_terence, uniq_natasha
D:4:      layout_loops_ring, mainiacjoe_overflow_brackets,
          fedhas_altar_decomposition
D:5:      layout_basic, lemuel_doored_altar, minmay_temple_entry_slanted,
          serial_undead, serial_undead_c, serial_undead_e, serial_undead_f,
          serial_undead_d, serial_undead_a, serial_undead_b,
          hangedman_glass_teeth, grunt_ministairs_3, uniq_grinder
D:6:      layout_basic, lemuel_round_altar, nicolae_overflow_squiral,
          serial_shops, nicolae_shop_statue_plus, shop, shop,
          nicolae_shop_crystal, minmay_misc_feat_room, minmay_pentangle
D:7:      layout_basic

Skill      XL: |  1  2  3  4  5  6  7  8  9 |
---------------+----------------------------+-----
Axes           | 3 4 5 6 7 9 |  9.0
Dodging        | 1 2 |  2.0
Throwing       | 1 2 3 |  3.1
Armour         | 1 3 |  3.0
Fighting       | 4 5 |  5.0
Shields        | 2 4 |  4.6
Spellcasting   | |  1.0
Fire Magic     | |  2.6

Action                   |  1- 3 |  4- 6 |  7- 9 || total
-------------------------+-------+-------+-------++-------
Melee: Hand axe          |   120 |   110 |   227 ||   457
       Punch             |       |     1 |     2 ||     3
       War axe           |       |       |    91 ||    91
Throw: Boomerang         |       |     4 |     7 ||    11
       Javelin           |       |    22 |    33 ||    55
Invok: Fiery Armour      |     3 |     3 |     6 ||    12
  Use: Scroll            |     8 |     5 |     7 ||    20
       Potion            |     2 |     3 |     1 ||     6
 Stab: Sleeping          |     1 |       |     2 ||     3
Armor: Robe              |    20 |       |       ||    20
       Ring mail         |     1 |    18 |       ||    19
       Scale mail        |       |    25 |       ||    25
       Chain mail        |       |     8 |   193 ||   201
Dodge: Dodged            |    70 |    38 |    87 ||   195
Block: Buckler           |       |       |    50 ||    50
       Kite shield       |       |       |    28 ||    28

Table legend:
 A = Non-vault XP
 B = Vault XP
 C = Vault XP percentage of total XP
 D = Non-vault monster count
 E = Vault monster count
 F = Vault count percentage of total count
                 A         B        C        D         E       F
            +---------+---------+-------+---------+---------+-------
      Total |    2256 |    1543 |  40.6 |     113 |      24 |  17.5
            +---------+---------+-------+---------+---------+-------
        D:1 |      47 |       0 |   0.0 |      25 |       0 |   0.0
        D:2 |      27 |       0 |   0.0 |      15 |       0 |   0.0
        D:3 |      78 |      73 |  48.3 |       7 |       3 |  30.0
        D:4 |     561 |       0 |   0.0 |      23 |       0 |   0.0
        D:5 |     364 |     854 |  70.1 |      13 |      14 |  51.9
        D:6 |    1179 |     616 |  34.3 |      30 |       7 |  18.9
            +---------+---------+-------+---------+---------+-------
